 Dungeon Crawl Stone Soup version 0.30-a0-1018-g25214051b3 (webtiles) character file.

Game seed: 2851853423701345663

32139 Jeffwins the Arsonist (level 14, -6/89 HPs)
             Began as a Human Wanderer on Apr 7, 2023.
             Was a High Priest of Vehumet.
             Mangled by a death yak (13 damage)
             ... on level 3 of the Lair of Beasts.
             The game lasted 00:34:56 (19035 turns).

Jeffwins the Arsonist (Human Wanderer)             Turns: 19035, Time: 00:34:56

Health: -6/89      AC: 13    Str: 14    XL:     14   Next: 1%
Magic:  6/25       EV:  9    Int: 18    God:    Vehumet [*****.]
Gold:   490        SH:  4    Dex: 11    Spells: 16/28 levels left

rFire   . . .      SeeInvis .    b - +0 staff of Battle
rCold   . . .      Faith    .    R - +0 buckler
rNeg    + . .      Spirit   .    o - +5 ring mail "Xoqeam" {rPois}
rPois   +          Reflect  .    q - +1 hat
rElec   .          Rampage  .    W - scarf {repulsion}
rCorr   .                        f - +1 pair of gloves
Will    +....                    (no boots)
Stlth   +                        (no amulet)
HPRegen 0.34/turn                N - ring of positive energy
MPRegen 0.19/turn                z - ring of wizardry

@: about to teleport, attractive, repel missiles, very slow
A: no striking features
a: Renounce Religion


You were on level 3 of the Lair of Beasts.
You worshipped Vehumet.
Vehumet was extremely pleased with you.
You visited 3 branches of the dungeon, and saw 16 of its levels.

You collected 868 gold pieces.
You spent 378 gold pieces at shops.


   Skills:
 + Level 1.6 Fighting
 * Level 8.1 Short Blades
 + Level 5.7 Throwing
 - Level 5.0 Stealth
 + Level 4.1 Shields
 * Level 7.6 Spellcasting
 * Level 8.2 Conjurations
 - Level 4.0 Translocations
 * Level 9.0 Fire Magic
 - Level 8.0 Air Magic
 * Level 8.7 Poison Magic
 + Level 6.5 Evocations


You had 16 spell levels left.
You knew the following spells:

 Your Spells              Type           Power      Damage    Failure   Level
m - Mephitic Cloud        Conj/Pois/Air  53%        N/A       1%          3
o - Olgreb's Toxic Radia  Pois           38%        N/A       1%          4
x - Poisonous Vapours     Pois/Air       74%        N/A       1%          2
z - Foxfire               Conj/Fire      100%       2x1d9     1%          1
I - Blink                 Tloc           42%        N/A       3%          2

Your spell library contained the following spells:

 Spells                   Type           Power      Damage    Failure   Level
 Iron Shot                Conj/Erth      16%        9d4       54%         6
 Kiss of Death            Conj/Necr      100%       2d13      1%          1
 Sting                    Tmut/Pois      88%        1d7       1%          1
 Momentum Strike          Conj/Tloc      86%        3d10      1%          2
 Inner Flame              Hex/Fire       23%        N/A       1%          3
 Lesser Beckoning         Tloc           42%        N/A       3%          2
 Spider Form              Tmut/Pois      22%        N/A       6%          3
 Beastly Appendage        Tmut           12%        N/A       12%         1
 Wereblood                Tmut           6%         N/A       16%         2
 Passage of Golubria      Tloc           21%        N/A       21%         4
 Confusing Touch          Hex            6%         N/A       32%         3
 Silence                  Hex/Air        10%        N/A       50%         5
 Dispel Undead            Necr           6%         3d8       69%         4
 Petrify                  Tmut/Erth      6%         N/A       69%         4
 Metabolic Englaciation   Hex/Ice        3%         N/A       95%         5
 Statue Form              Tmut/Erth      4%         N/A       100%        6
 Lehudib's Crystal Spear  Conj/Erth      16%        10d5      100%        8

Inventory:

Hand Weapons
 a - the +7 dagger of Eternal Harmony {spect, Dex+4}
   (You found it on level 4 of the Dungeon)

   Dex:       It affects your dexterity (+4).
 b - the +0 staff of Battle (weapon)
   (You found it on level 9 of the Dungeon)

   It enhances your conjuration magic.
   It summons a battlesphere in combat, with strength depending on Conjurations
   skill.
   Its strikes trigger the battlesphere's blasts.
Missiles
 g - 4 datura-tipped darts
 j - 26 poisoned darts
 Q - a throwing net {=f}
 Y - a curare-tipped dart {=f}
Armour
 f - a +1 pair of gloves (worn)
 o - the +5 ring mail "Xoqeam" (worn) {rPois}
   (You found it on level 2 of the Dungeon)

   rPois:     It protects you from poison.
 q - a +1 hat (worn)
 s - a +2 robe of willpower
 w - a +0 troll leather armour
 R - a +0 buckler (worn)
 T - a +1 leather armour of cold resistance
 W - a scarf of repulsion (worn)
Magical Staves
 F - a staff of cold
 Z - a staff of fire
Jewellery
 z - a ring of wizardry (right hand)
 N - a ring of positive energy (left hand)
Wands
 p - a wand of polymorph (8)
 r - a wand of paralysis (27)
 G - a wand of mindburst (6)
 H - a wand of acid (5)
 I - a wand of roots (11)
 O - a wand of flame (15)
Scrolls
 c - a scroll of fear
 i - 3 scrolls of enchant armour
 m - 3 scrolls of immolation {!r}
 t - 5 scrolls of teleportation {@r4}
 u - 5 scrolls of enchant weapon
 v - 4 scrolls of magic mapping
 x - 2 scrolls of amnesia
 y - 2 scrolls of fog
 B - 2 scrolls of vulnerability {!r}
 J - a scroll of silence {!r}
 K - 2 scrolls of blinking
 P - 3 scrolls of poison
Potions
 e - 2 potions of lignification {unknown}
 h - a potion of resistance
 k - 2 potions of experience {unknown}
 l - 2 potions of haste {unknown}
 n - 5 potions of curing {@q1}
 A - a potion of mutation {unknown}
 C - 4 potions of flight {unknown}
 D - a potion of ambrosia {unknown}
 E - a potion of invisibility {unknown}
 M - 4 potions of might {unknown}
 S - 3 potions of heal wounds {@q2}
 U - 3 potions of degeneration {unknown}
 V - a potion of cancellation {unknown}
 X - a potion of berserk rage {!q}
Miscellaneous
 d - a piece from Xom's chessboard (15/15) (quivered)

Dungeon Overview and Level Annotations

Branches:
Dungeon (12/15)            Temple (1/1) D:5            Lair (3/5) D:10
  Swamp (0/4) Lair:2        Snake (0/4) Lair:3          Orc (0/2) D:12

Altars:
Ashenzari
Cheibriados
Dithmenos
Elyvilon
Fedhas
Gozag
Hepliaklqana
Kikubaaqudgha
Makhleb
Nemelex Xobeh
Okawaru
Qazlal
Ru
Sif Muna
Trog
Uskayaw
Vehumet
Wu Jian
Xom
Yredelemnul
Zin
The Shining One

Shops:
D:9 :   D:10 *   D:11 *

Annotations:
D:8 2 transporters
D:11 3 runed translucent doors, Newt's ghost, journeyman KoHu
D:12 Azrael

♣♣♣♣♣ ♣~PP~♣
♣♣♣✱≈≈~P~ ♣♣~~≈≈≈≈~~♣
♣~P≈≈≈≈≈≈≈~
♣Y@§≈≈≈≈≈≈~♣♣ #
♣Y≈≈≈≈≈≈≈≈~~♣#### #
♣§~P≈≈≈≈≈≈PP♣.#.###
.~~P~≈≈≈~~PP.......
.#PP~~~~~~~Pv~......
##~~~~~~~~~~P~.......
~~~~~~PY~~~Y#......
##~~P~~.~~~§~.......
...#
~~~PPY.P~P~P......


You could see 3 death yaks and a friendly battlesphere.


Message History

Your battlesphere fires!
The barrage of energy hits the death yak.
The death yak is moderately wounded.
The death yak gores you!!
Unknown command.
Casting: Foxfire (safe; 1% risk of failure)
Confirm with . or Enter, or press ? or * to list all spells.
You feel a surge of power!
You conjure some foxfire!
The foxfire hits the death yak but does no damage.
The death yak is moderately wounded.
The death yak gores you!!
* * * LOW HITPOINT WARNING * * *
Your battlesphere fires!
The barrage of energy hits the death yak!
The death yak is heavily wounded.
Unknown command.
As you read the scroll of teleportation {@r4}, it crumbles to dust.
You feel strangely unstable.
The foxfire hits the death yak but does no damage.
The death yak is heavily wounded.
The foxfire hits the death yak but does no damage.
The death yak is lightly wounded.
Unknown command.
It was a potion of attraction.
You feel attractive to monsters. The death yak gores you!!
* * * LOW HITPOINT WARNING * * *
The death yak is engulfed in a cloud of scalding steam.
The death yak gores you!
You die...

Skill      XL: |  1  2  3  4  5  6  7  8  9 10 11 12 13 |
---------------+----------------------------------------+-----
Conjurations   | 1 2 3 4 5 6 7 8 |  8.2
Air Magic      | 1 2 3 4 5 6 7 8 |  8.0
Short Blades   | 1 2 3 4 5 6 7 8 |  8.1
Throwing       | 1 2 3 4 5 |  5.7
Spellcasting   | 2 3 4 5 6 7 |  7.6
Stealth        | 2 3 4 5 |  5.0
Poison Magic   | 3 4 5 6 7 8 |  8.7
Fire Magic     | 4 5 6 7 8 9 |  9.0
Translocations | 1 2 3 4 |  4.0
Evocations     | 4 5 6 |  6.5
Shields        | 2 3 4 |  4.1
Fighting       | 1 |  1.6

Action                     |  1- 3 |  4- 6 |  7- 9 | 10-12 | 13-15 || total
---------------------------+-------+-------+-------+-------+-------++-------
  Melee: Club              |    69 |       |       |       |       ||    69
         Dagger            |       |    20 |   130 |    99 |    20 ||   269
         Punch             |       |     1 |     1 |     1 |       ||     3
         Staff             |       |       |       |     2 |     1 ||     3
   Cast: Foxfire           |    52 |    17 |   215 |   285 |   222 ||   791
         Poisonous Vapours |     3 |     7 |    33 |    96 |    46 ||   185
  Evoke: Piece from Xom's  |     2 |       |     1 |       |       ||     3
         Wand              |       |       |     1 |     5 |       ||     6
    Use: Scroll            |       |       |     8 |     9 |     6 ||    23
         Potion            |       |       |       |     4 |     2 ||     6
   Stab: Sleeping          |     1 |       |     2 |     1 |       ||     4
         Paralysed         |    13 |       |     1 |     1 |       ||    15
         Petrified         |     8 |       |       |       |       ||     8
         Distracted        |       |       |     1 |     1 |     1 ||     3
 Armour: Robe              |     8 |     5 |    31 |       |       ||    44
         Ring mail         |     7 |     2 |       |    74 |    13 ||    96
  Dodge: Dodged            |    30 |     4 |    77 |    62 |    25 ||   198
  Block: Buckler           |       |       |       |    21 |    15 ||    36

Levels and vault maps discovered:
D:1:      dpeg_arrival_tiny_a, layout_basic
D:2:      layout_rooms
D:3:      layout_basic, serial_curves, eino_curves_03, eino_curves_01,
          uniq_sigmund, uniq_jessica, uniq_ijyb
D:4:      layout_loops_ring, uniq_menkaure
D:5:      layout_rooms, mainiacjoe_overflow_small_starburst,
          minmay_temple_entry_sparse_star
D:6:      layout_cave_pods, kennysheep_little_box
D:7:      layout_basic, nicolae_overflow_crystal_walls,
          minmay_misc_feat_four_crosses, roderic_serpentine_path
D:8:      gammafunk_cloud_chamber, layout_basic
D:9:      layout_loops_ring, serial_shops, nicolae_lakefront_shop,
          hellmonk_guarded_unrand_staff_of_battle, uniq_harold
D:10:     layout_basic, minmay_lair_entry_grove,
          nicolae_shop_sticking_my_neck_out, uniq_maurice
D:11:     layout_rooms, gammafunk_ghost_nasty_kobolds, hangedman_decor_push,
          nicolae_specific_store, nicolae_two_hexagons, minmay_misc_feat_five,
          kennysheep_generic_room_14
D:12:     layout_cave_pods, david_orc_1_choice, grunt_ministairs_6, uniq_lodul,
          uniq_azrael
Temple:   compressed_dpeg_triangle_lava_temple
Lair:1:   layout_chaotic_city
Lair:2:   layout_misc_corridors, palyth_hydra_swamp_entry
Lair:3:   layout_chaotic_city, guppyfry_snake_entry_garden, serial_bayou_shore_a

Notes
Turn   | Place    | Note
-------+----------+-------------------------------------------
     0 | D:1      | Jeffwins the Human Wanderer began the quest for the Orb.
     0 | D:1      | Jeffwins set off with the following items: a +0 club, a
                  | potion of heal wounds {@q2}, a +0 robe, a piece from Xom's
                  | chessboard (15/15); and the following spells available to
                  | memorise: Foxfire, Sting, Poisonous Vapours, Inner Flame,
                  | Olgreb's Toxic Radiance.
     0 | D:1      | Reached XP level 1. HP: 13/13 MP: 2/2
     2 | D:1      | Learned a level 1 spell: Foxfire
   672 | D:1      | Reached XP level 2. HP: 19/19 MP: 0/3
  1259 | D:2      | Reached XP level 3. HP: 15/24 MP: 4/4
  1262 | D:2      | Learned a level 2 spell: Poisonous Vapours
  1367 | D:2      | Reached skill level 1 in Conjurations
  1469 | D:2      | Identified the +5 ring mail "Xoqeam" {rPois}
  2065 | D:3      | Noticed Ijyb
  2066 | D:3      | Paralysed by Ijyb for 4 turns
  2097 | D:3      | Paralysed by Ijyb for 2 turns
  2104 | D:3      | Killed Ijyb
  2105 | D:3      | Reached XP level 4. HP: 11/25 MP: 2/6
  2231 | D:3      | Reached skill level 1 in Air Magic
  2416 | D:3      | Noticed Jessica
  2421 | D:3      | Killed Jessica
  2654 | D:3      | Noticed Sigmund
  2667 | D:3      | Killed Sigmund
  2668 | D:3      | Reached skill level 1 in Short Blades
  2668 | D:3      | Reached skill level 1 in Throwing
  2668 | D:3      | Reached skill level 2 in Spellcasting
  2668 | D:3      | Reached XP level 5. HP: 12/35 MP: 1/8
  2668 | D:3      | Reached XP level 6. HP: 14/41 MP: 1/9
  3083 | D:4      | Identified the +0 leather armour of Qiypoc {rF- rC++}
  3296 | D:4      | Noticed Menkaure
  3303 | D:4      | Killed Menkaure
  3304 | D:4      | Reached skill level 2 in Stealth
  3304 | D:4      | Reached skill level 2 in Conjurations
  3304 | D:4      | Reached skill level 2 in Air Magic
  3304 | D:4      | Reached skill level 3 in Poison Magic
  3304 | D:4      | Reached XP level 7. HP: 25/46 MP: 3/10
  3780 | D:4      | Identified the +7 dagger of Eternal Harmony {spect, Dex+4}
  4023 | D:5      | Entered Level 5 of the Dungeon
  4153 | D:5      | Learned a level 2 spell: Blink
  4317 | D:5      | Found a broken altar of Ashenzari.
  4494 | D:5      | Found a staircase to the Ecumenical Temple.
  4510 | Temple   | Entered the Ecumenical Temple
  4767 | Temple   | Became a worshipper of Vehumet
  4903 | D:5      | Reached skill level 4 in Fire Magic
  4971 | D:5      | Reached skill level 2 in Short Blades
  5168 | D:5      | Reached XP level 8. HP: 52/52 MP: 3/12
  5321 | D:6      | Reached skill level 1 in Translocations
  5372 | D:5      | Reached skill level 2 in Throwing
  5443 | D:6      | Reached skill level 3 in Conjurations
  5556 | D:6      | Reached skill level 3 in Air Magic
  5804 | D:6      | Reached skill level 3 in Spellcasting
  6300 | D:6      | Found an ancient bone altar of Kikubaaqudgha.
  6556 | D:6      | Reached skill level 4 in Poison Magic
  6573 | D:6      | Reached * piety under Vehumet
  6573 | D:6      | Offered knowledge of Magic Dart by Vehumet.
  6577 | D:6      | Reached skill level 4 in Evocations
  6784 | D:6      | You fall into a shaft and drop 3 floors!
  6829 | D:8      | Noticed a wyvern
  6863 | D:8      | Reached skill level 3 in Short Blades
  6957 | D:8      | Reached XP level 9. HP: 57/57 MP: 14/14
  7136 | D:7      | Reached skill level 3 in Stealth
  7315 | D:7      | Reached skill level 2 in Translocations
  7416 | D:7      | Identified the +2 scale mail of the Vacuum {rPois Str+3}
  7642 | D:6      | Reached skill level 4 in Conjurations
  7952 | D:7      | Reached skill level 5 in Fire Magic
  8001 | D:7      | Reached skill level 4 in Air Magic
  8080 | D:7      | Learned a level 4 spell: Olgreb's Toxic Radiance
  8185 | D:7      | Reached skill level 4 in Spellcasting
  8187 | D:7      | HP: 5/52 [wight/+3 scimitar (4)]
  8608 | D:7      | Found a glowing golden altar of the Shining One.
  8834 | D:7      | Reached skill level 4 in Short Blades
  8969 | D:7      | Reached skill level 3 in Throwing
  9052 | D:7      | Reached XP level 10. HP: 51/62 MP: 12/16
  9369 | D:8      | Reached skill level 5 in Poison Magic
  9544 | D:8      | Found a transporter.
  9672 | D:8      | Found a transporter.
 10132 | D:9      | Noticed Harold
 10145 | D:9      | Killed Harold
 10146 | D:9      | Reached skill level 5 in Conjurations
 10146 | D:9      | Reached skill level 3 in Translocations
 10242 | D:9      | Found the +0 staff of Battle
 10251 | D:9      | Offered knowledge of Searing Ray by Vehumet.
 10254 | D:9      | Reached ** piety under Vehumet
 10255 | D:9      | Reached skill level 5 in Air Magic
 10279 | D:8      | Reached skill level 4 in Stealth
 10382 | D:9      | HP: 2/63 [tengu conjurer/bolt of lightning (31)]
 10645 | D:9      | Reached skill level 6 in Fire Magic
 10767 | D:9      | Found Tisuewy's Book Boutique.
 10988 | D:10     | Entered Level 10 of the Dungeon
 10988 | D:10     | Noticed a kobold demonologist
 10992 | D:10     | Killed a kobold demonologist
 10993 | D:10     | Reached skill level 5 in Short Blades
 10993 | D:10     | Reached skill level 5 in Spellcasting
 11075 | D:10     | Reached XP level 11. HP: 22/68 MP: 6/18
 11495 | D:10     | Reached skill level 1 in Shields
 11495 | D:10     | Reached skill level 6 in Poison Magic
 11495 | D:10     | Reached skill level 5 in Evocations
 11695 | D:10     | Noticed a two-headed ogre
 11714 | D:10     | Killed a two-headed ogre
 11715 | D:10     | Reached skill level 4 in Translocations
 11937 | D:10     | Offered knowledge of Stone Arrow by Vehumet.
 12006 | D:9      | Reached skill level 4 in Throwing
 12200 | D:10     | Found a staircase to the Lair.
 12216 | D:10     | Reached skill level 6 in Conjurations
 12343 | D:10     | Noticed Maurice
 12356 | D:10     | Killed Maurice
 12357 | D:10     | Reached skill level 6 in Air Magic
 12481 | D:10     | Found Soycvim's Neck Hole.
 12494 | D:10     | Bought a scarf of repulsion for 180 gold pieces
 12876 | D:11     | Found a runed translucent gate.
 12876 | D:11     | Found a runed translucent gate.
 12876 | D:11     | Found a runed translucent gate.
 12878 | D:11     | Noticed Newt's ghost (journeyman KoHu)
 12918 | D:11     | Reached *** piety under Vehumet
 12919 | D:11     | Reached skill level 7 in Fire Magic
 13074 | D:11     | Noticed a boulder beetle
 13086 | D:11     | Killed a boulder beetle
 13087 | D:11     | Reached skill level 6 in Short Blades
 13087 | D:11     | Reached skill level 2 in Shields
 13208 | D:11     | Found Wiwaelat's General Store.
 13211 | D:11     | Found Egyonatati's Specific Store.
 13247 | D:11     | Bought a potion of curing for 42 gold pieces
 13251 | D:11     | Bought a potion of curing for 39 gold pieces
 13251 | D:11     | Bought 3 scrolls of teleportation for 117 gold pieces
 13318 | D:11     | Noticed a two-headed ogre
 13325 | D:11     | Killed a two-headed ogre
 13326 | D:11     | Reached XP level 12. HP: 74/74 MP: 13/20
 13482 | D:11     | Noticed a two-headed ogre
 13487 | D:11     | Killed a two-headed ogre
 13488 | D:11     | Reached skill level 5 in Stealth
 13573 | D:11     | Reached skill level 6 in Spellcasting
 13752 | D:10     | Reached skill level 7 in Poison Magic
 14521 | D:12     | Offered knowledge of Mephitic Cloud by Vehumet.
 14526 | D:12     | Learned a level 3 spell: Mephitic Cloud
 14745 | D:12     | Found a staircase to the Orcish Mines.
 14748 | D:12     | Noticed a two-headed ogre
 14756 | D:12     | Killed a two-headed ogre
 15252 | D:12     | Reached skill level 7 in Conjurations
 15252 | D:12     | Reached skill level 7 in Air Magic
 15402 | D:12     | Noticed Azrael
 15543 | Lair:1   | Entered Level 1 of the Lair of Beasts
 15620 | Lair:1   | You fall into a shaft and drop 1 floor!
 15657 | Lair:2   | Reached skill level 7 in Short Blades
 15657 | Lair:2   | Reached skill level 3 in Shields
 15667 | Lair:2   | Reached **** piety under Vehumet
 15672 | Lair:2   | Reached skill level 8 in Fire Magic
 15711 | Lair:2   | Offered knowledge of Yara's Violent Unravelling by Vehumet.
 15724 | Lair:2   | HP: 7/74 [steam dragon/ball of steam (13)]
 15804 | Lair:2   | Noticed an eight-headed hydra
 15809 | Lair:2   | Killed an eight-headed hydra
 15810 | Lair:2   | Reached skill level 5 in Throwing
 15810 | Lair:2   | Reached XP level 13. HP: 51/79 MP: 7/23
 15935 | Lair:2   | Reached skill level 6 in Evocations
 16297 | Lair:1   | Reached skill level 8 in Poison Magic
 16668 | Lair:1   | Reached skill level 7 in Spellcasting
 17611 | Lair:2   | Found a staircase to the Swamp.
 17960 | Lair:2   | Noticed a six-headed hydra
 17964 | Lair:2   | Killed a six-headed hydra
 17965 | Lair:2   | Reached skill level 8 in Air Magic
 18184 | Lair:3   | Reached skill level 1 in Fighting
 18333 | Lair:3   | Reached ***** piety under Vehumet
 18364 | Lair:3   | Found a staircase to the Snake Pit.
 18457 | Lair:3   | Offered knowledge of Iron Shot by Vehumet.
 18466 | Lair:3   | Reached skill level 8 in Conjurations
 18563 | Lair:3   | Reached skill level 8 in Short Blades
 18789 | Lair:3   | Reached skill level 4 in Shields
 19022 | Lair:3   | Reached skill level 9 in Fire Magic
 19030 | Lair:3   | Reached XP level 14. HP: 69/89 MP: 11/25
 19035 | Lair:3   | HP: 7/89 [death yak (20)]
 19035 | Lair:3   | Mangled by a death yak

Vanquished Creatures
  Harold (D:9)
  2 hydras (Lair:2)
  A boulder beetle (D:11)
  3 death yaks (Lair:3)
  4 two-headed ogres
  A lindwurm (Lair:2)
  A deep elf pyromancer (D:12)
  Maurice (D:10)
  5 elephants (Lair:3)
  2 black mambas (Lair:2)
  7 cane toads
  A gargoyle (D:12)
  2 torpor snails (Lair:2)
  3 kobold demonologists
  An unseen horror (D:11)
  A rime drake (Lair:1)
  6 komodo dragons
  2 tengu conjurers
  5 trolls
  A tyrant leech (Lair:2)
  6 blink frogs
  A shadow (D:12)
  Sigmund (D:3)
  5 wyverns
  33 yaks
  2 wraiths
  5 basilisks
  A fire elemental (D:12)
  Menkaure (D:4)
  A steam dragon (Lair:2)
  3 nagas (Lair:3)
  A warg (D:12)
  12 water moccasins
  A hell hound (D:12)
  4 orc warriors (D:12)
  3 ice beasts
  5 ogres
  5 wolves (Lair:2)
  3 centaurs
  4 kobold brigands
  8 bullfrogs
  A gnoll sergeant (D:6)
  3 scorpions
  16 wights
  6 killer bees (D:10)
  4 howler monkeys
  A hound (D:5)
  2 jellies
  3 orc priests
  2 gnoll boudas
  2 sleepcaps
  Jessica (D:3)
  4 orc wizards
  Ijyb (D:3)
  2 iguanas
  13 gnolls
  6 adders
  4 white imps
  A dart slug (D:5)
  2 worms
  21 orcs
  4 endoplasms
  2 giant cockroaches
  3 goblins
  5 hobgoblins
  2 quokkas
  5 ball pythons
  4 bats
  A frilled lizard (D:2)
  5 kobolds
  3 rats
284 creatures vanquished.

Vanquished Creatures (collateral kills)
  32 foxfires
32 creatures vanquished.

Vanquished Creatures (others)
  1319 foxfires
  10 fungi
  29 plants
1358 creatures vanquished.

Grand Total: 1674 creatures vanquished

Table legend: (Time is in decaauts)
 A = Elapsed time spent in this place.
 B = Non-inter-level travel time spent in this place.
 C = Inter-level travel time spent in this place.
 D = Time resting spent in this place.
 E = Time spent auto-exploring this place.
 F = Levels seen in this place.
 G = Mean time per level.
                   A        B        C        D        E       F      G
               +--------+--------+--------+--------+--------+-----+--------+
         Total |  19045 |  18170 |    875 |   1311 |  13735 |  16 | 1190.3 |
       Dungeon |  15265 |  14467 |    798 |   1298 |  10634 |  12 | 1272.1 |
        Temple |    276 |    258 |     18 |      0 |    231 |   1 |  276.0 |
          Lair |   3503 |   3444 |     59 |     13 |   2870 |   3 | 1167.7 |
               +--------+--------+--------+--------+--------+-----+--------+

Top non-repeatable levels by time:
     D:6: 1894 daAuts
    D:10: 1718 daAuts
    D:11: 1606 daAuts
     D:7: 1602 daAuts
  Lair:2: 1581 daAuts
     D:3: 1347 daAuts
     D:9: 1258 daAuts
     D:5: 1104 daAuts
  Lair:1: 1039 daAuts
    D:12: 1024 daAuts
     D:1: 984 daAuts
     D:4: 983 daAuts
     D:8: 981 daAuts
  Lair:3: 882 daAuts
     D:2: 760 daAuts

Table legend:
 A = Non-vault XP
 B = Vault XP
 C = Vault XP percentage of total XP
 D = Non-vault monster count
 E = Vault monster count
 F = Vault count percentage of total count
                 A         B        C        D         E       F
            +---------+---------+-------+---------+---------+-------
      Total |   36989 |    8925 |  19.4 |     243 |      41 |  14.4
            +---------+---------+-------+---------+---------+-------
        D:1 |      13 |       0 |   0.0 |       7 |       0 |   0.0
        D:2 |      33 |       0 |   0.0 |      12 |       0 |   0.0
        D:3 |      19 |     287 |  93.8 |      10 |       3 |  23.1
        D:4 |      38 |     183 |  82.8 |      11 |       1 |   8.3
        D:5 |     616 |       0 |   0.0 |      19 |       0 |   0.0
        D:6 |     917 |       0 |   0.0 |      26 |       0 |   0.0
        D:7 |    1652 |       0 |   0.0 |      22 |       0 |   0.0
        D:8 |     814 |     338 |  29.3 |      12 |       1 |   7.7
        D:9 |    1015 |    1430 |  58.5 |       7 |       3 |  30.0
       D:10 |    3888 |    2223 |  36.4 |      22 |      11 |  33.3
       D:11 |    5141 |     213 |   4.0 |      14 |       1 |   6.7
       D:12 |    3300 |    1415 |  30.0 |      12 |      14 |  53.8
     Lair:1 |    4471 |       0 |   0.0 |      19 |       0 |   0.0
     Lair:2 |    7220 |    2351 |  24.6 |      29 |       4 |  12.1
     Lair:3 |    7852 |     485 |   5.8 |      21 |       3 |  12.5
            +---------+---------+-------+---------+---------+-------
